AoeStats
← Thorfinn

Golden Pit

509500384Analyzed
1v1 RM · 6d ago on Sep 27, 2026· 48m 12s· 2 players
Game mode
Random Map
Map size
Tiny (2 player)
Population
200
Speed
Normal
Resources
Standard
Victory
Conquest
Starting age
Dark Age
Ending age
Imperial Age
RankedLock teamsTeams togetherTeam positionsShared explorationLock speedFull tech treeHidden civsTurbo modeCheats
Victory
Defeat
🇺🇾 Georgians · Uruguay
978
+18
🇧🇷 Byzantines · Brazil
1018
-18
Thorfinn
7:38 Loom
10:06 Feudal Age
11:00 Double-Bit Axe
15:14 Horse Collar
20:13 Castle Age
18:33 Gold Mining
20:45 Wheelbarrow
21:00 Fletching
22:02 Town Watch
22:56 Bodkin Arrow
26:43 Bow Saw
27:50 Padded Archer Armor
28:16 Elite Skirmisher
30:17 Ballistics
35:16 Imperial Age
34:52 Hand Cart
36:09 Bracer
37:14 Conscription
39:17 Chemistry
41:37 Scale Barding Armor
44:00 Masonry
44:13 Chain Barding Armor
44:22 Svan Towers
44:44 Forging
47:09 Plate Barding Armor
47:22 Husbandry
47:33 Bloodlines
giluerj
7:36 Loom
10:40 Feudal Age
11:18 Double-Bit Axe
22:34 Castle Age
21:20 Scale Mail Armor
22:02 Fletching
22:36 Padded Archer Armor
23:12 Bodkin Arrow
23:19 Gold Mining
24:54 Wheelbarrow
24:59 Crossbowman
28:35 Leather Archer Armor
35:06 Imperial Age
33:33 Bow Saw
34:10 Husbandry
36:32 Elite Skirmisher
43:46 Ring Archer Armor
45:02 Scale Barding Armor
45:18 Bracer
49:16 Chemistry
Connection lost

Rejoining the realm…

Still unreachable

The connection could not be restored.

Session expired

The server has moved on; the page needs a fresh start.